 Dungeon Crawl Stone Soup version 0.25-a0-890-g62861fb (webtiles) character file.

Game seed: 17154238495876750996, levelgen mode: deterministic

129041 Faca the Warrior (level 17, -1/146 (149) HPs)
             Began as a Barachi Fighter on May 8, 2020.
             Was the Champion of Cheibriados.
             Slain by a mana viper (5 damage)
             ... on level 4 of the Snake Pit.
             The game lasted 01:06:31 (33171 turns).

Faca the Warrior (Barachi Fighter)                 Turns: 33171, Time: 01:06:31

HP:   -1/146 (149)  AC: 30    Str: 43    XL:     17   Next: 4%
MP:   15/24         EV:  4    Int: 27    God:    Cheibriados [******]
Gold: 912           SH: 30    Dex: 30    Spells: 16/16 levels left

rFire    . . .     SeeInvis +   h - +1 scimitar (flame)
rCold    . . .     Gourm    .   b - +0 tower shield
rNeg     . . .     Faith    .   d - +1 plate armour {MR+}
rPois    +         Spirit   .   L - +2 helmet {SInv}
rElec    +         Reflect  +   t - +2 cloak
rCorr    .         Harm     .   A - +2 pair of gloves {archery}
MR       ++...                  a - +0 pair of boots
Stlth    ..........             o - amulet "Ezerijy" {Reflect rElec Dex+4 SH+5}
HPRegen  0.34/turn              w - ring of Xuac {rPois Int+3}
MPRegen  0.19/turn              O - +3 ring of strength

@: constricted, very slow
A: +LOS, swims, slowness 1, strong legs 2
a: Hop, Bend Time, Temporal Distortion, Slouch, Step From Time, Renounce
Religion


You were on level 4 of the Snake Pit.
You worshipped Cheibriados.
Cheibriados was exalted by your worship.
You were not hungry.

You visited 4 branches of the dungeon, and saw 27 of its levels.
You also visited: Ice Cave.

You collected 3128 gold pieces.
You spent 2216 gold pieces at shops.

Inventory:

Hand Weapons
 h - a +1 scimitar of flaming (weapon)
Missiles
 n - 3 javelins
 u - 24 boomerangs (quivered)
 J - 4 throwing nets
Armour
 a - a +0 pair of boots (worn)
 b - a +0 tower shield (worn)
 d - a +1 plate armour of magic resistance (worn)
 t - a +2 cloak (worn)
 A - a +2 pair of gloves of archery (worn)
 L - a +2 helmet of see invisible (worn)
Jewellery
 o - the amulet "Ezerijy" (around neck) {Reflect rElec Dex+4 SH+5}
   (You bought it in a shop on level 4 of the Dungeon)

   [amulet of reflection]

   It shields you and reflects attacks.
   It affects your dexterity (+4).
   It insulates you from electricity.
   It affects your SH (+5).
 w - the ring of Xuac (left hand) {rPois Int+3}
   (You found it on level 9 of the Dungeon)

   [ring of poison resistance]

   It affects your intelligence (+3).
   It protects you from poison.
 D - an uncursed ring of protection from cold
 O - a +3 ring of strength (right hand)
 P - an uncursed ring of protection from fire
Wands
 r - a wand of iceblast (9)
 y - a wand of acid (36)
 G - a wand of scattershot (5)
 K - a wand of disintegration (16)
Scrolls
 e - 23 scrolls of remove curse
 g - 9 scrolls of teleportation
 p - 12 scrolls of identify
 s - 3 scrolls of blinking
 v - 10 scrolls of enchant armour
 C - 5 scrolls of enchant weapon
 E - 4 scrolls of fog
 H - 4 scrolls of fear
 I - 2 scrolls of magic mapping
 M - 2 scrolls of immolation
Potions
 i - 2 potions of might
 j - 5 potions of curing
 k - 7 potions of lignification
 l - 5 potions of flight
 m - 4 potions of resistance
 q - 4 potions of cancellation
 x - 2 potions of invisibility
 B - 7 potions of mutation
 N - 8 potions of heal wounds
Comestibles
 f - 62 rations


   Skills:
 + Level 18.0 Fighting
 + Level 17.8 Long Blades
 + Level 2.7 Throwing
 + Level 14.9 Armour
 + Level 13.8 Shields
 + Level 9.5 Invocations


You had 16 spell levels left.
You didn't know any spells.
Your spell library contained the following spells:

 Spells                   Type           Power        Failure   Level  Hunger
 Animate Skeleton         Necr           N/A          86%         1    ##.....
 Apportation              Tloc           #.....       86%         1    ##.....
 Corona                   Hex            #......      86%         1    ##.....
 Magic Dart               Conj           #...         86%         1    ##.....
 Sandblast                Erth           #.....       86%         1    ##.....
 Summon Small Mammal      Summ           #...         86%         1    ##.....
 Blink                    Tloc           N/A          95%         2    ###....
 Call Imp                 Summ           #.......     95%         2    ###....
 Passwall                 Tmut/Erth      #.......     95%         2    ###....
 Slow                     Hex            #.......     95%         2    ###....
 Confusing Touch          Hex            #.......     99%         3    ####...
 Conjure Flame            Conj/Fire      #.......     99%         3    ####...
 Gell's Gravitas          Tloc           #.........   99%         3    ####...
 Inner Flame              Hex/Fire       #.......     99%         3    ####...
 Mephitic Cloud           Conj/Pois/Air  #.......     99%         3    ####...
 Portal Projectile        Hex/Tloc       #.....       99%         3    ####...
 Static Discharge         Conj/Air       #.......     99%         3    ####...
 Stone Arrow              Conj/Erth      #.....       99%         3    ####...
 Cause Fear               Hex            #.........   100%        4    #####..
 Ice Form                 Ice/Tmut       #.......     100%        4    #####..
 Leda's Liquefaction      Hex/Erth       #.........   100%        4    #####..
 Petrify                  Tmut/Erth      #.......     100%        4    #####..
 Lee's Rapid Deconstruct  Erth           #.........   100%        5    ######.
 Lightning Bolt           Conj/Air       #.........   100%        5    ######.
 Metabolic Englaciation   Hex/Ice        #.........   100%        5    ######.
 Yara's Violent Unravell  Hex/Tmut       #.........   100%        5    ######.
 Freezing Cloud           Conj/Ice/Air   #.........   100%        6    #######
 Ozocubu's Refrigeration  Ice            #.........   100%        6    #######
 Simulacrum               Ice/Necr       #.........   100%        6    #######
 Ignition                 Fire           #.........   100%        8    #######
 Shatter                  Erth           #.........   100%        9    #######
 Tornado                  Air            #.........   100%        9    #######


Dungeon Overview and Level Annotations

Branches:
Dungeon (15/15)            Temple (0/1) D:6            Lair (6/6) D:8
 Shoals (0/4) Lair:2        Snake (4/4) Lair:2        Slime (0/5) Lair:6
    Orc (2/2) D:11            Elf (0/3) Orc:2        Vaults (0/5) D:14
 Depths (0/5) D:15          IceCv (visited)

Altars:
Cheibriados
Dithmenos
Elyvilon
Fedhas
Gozag
Hepliaklqana
Kikubaaqudgha
Makhleb
Nemelex Xobeh
Okawaru
Qazlal
Ru
Sif Muna
Trog
Uskayaw
Vehumet
Wu Jian
Xom
Beogh
Jiyva

Shops:
D:4 =(:   D:8 ?   D:9 !   D:10 (:[[   D:11 ?   D:15 **   Orc:2 ?:(!   Snake:1 (
Snake:3 *%

Annotations:
D:5 exclusion: statue
D:12 3 runed translucent doors, Cijiyg's ghost, journeyman TeVM
D:15 3 runed translucent doors, Luteoff's ghost, journeyman MiBe
Lair:2 3 runed translucent doors, lunkers's ghost, journeyman TeAE
Lair:3 1 runed translucent door, Tamiotz's ghost, journeyman VSBe


Innate Abilities, Weirdness & Mutations

You can be seen from farther away. (+LOS)
You can swim through water.
You cover ground slowly.
You can hop long distances.


Message History

The anaconda bites you but does no damage.
The sea snake completely misses you.
The naga mage hits you but does no damage.
You block the naga mage's attack. The naga hits you but does no damage.
You block the naga's attack. The mana viper completely misses you.
The shock serpent bites you!
* * * LOW HITPOINT WARNING * * *
The shock serpent shocks you. You resist.
* * * LOW HITPOINT WARNING * * *
You block the mana viper's attack.
The guardian serpent casts a spell.
The anaconda grabs you. The anaconda bites you!
* * * LOW HITPOINT WARNING * * *
x2 The anaconda constricts you.
You block the sea snake's attack. The naga mage spits poison at you.
The splash of poison hits you but does no damage.
You resist.
The mana viper bites you but does no damage.
The mana viper bites you.
You die...

##.)##....#...#.)(.....##(###
#...))...###......#....##(##
#...)....###..#........##)(#
........###......#....#.N..'.≈≈≈N
.#####..##......#..........'(≈≈≈≈
## ###.##..........§.§.§...'.≈≈≈≈
####.............#...§####.#.....
...........##..NSS§...# ####..(.
...........#...N@SS#### .###
...........#..#SSS###### #.
.###...................## ##
.##..........##.#.#.....######
#..........).##.#.....#......#
#.....###..)###.###...####...#
......###...###.###.### #...#
...........).....##..#####.###
..#(#.###..................#


You could see a naga warrior, a sea snake, an anaconda, a shock serpent, 2 mana
vipers, 2 guardian serpents, a naga mage and a naga.

Vanquished Creatures
  3 nagarajas (Snake:3)
  A reaper (IceCv)
  3 fire dragons
  Fannar (D:11)
  9 naga warriors
  Harold (D:7)
  3 centaur warriors
  6 hydras
  4 anacondas
  A death knight (D:14)
  An ogre mage (D:14)
  3 tengu warriors
  5 two-headed ogres
  2 naga sharpshooters
  Sonja (Lair:3)
  6 shock serpents
  A deep elf knight (D:9)
  Nergalle (Orc:1)
  2 unseen horrors (D:14)
  A sea snake (Snake:4)
  A wolf spider zombie (D:14)
  A lindwurm (Lair:4)
  4 orc knights
  A swamp dragon (Lair:6)
  A naga ritualist (Snake:2)
  An orc sorcerer (Orc:2)
  12 ugly things
  A wolf spider (Lair:6)
  3 cyclopes
  8 salamanders
  8 mana vipers
  14 elephants
  3 manticores
  Joseph (D:8)
  2 ice statues (IceCv)
  Maurice (Orc:1)
  2 molten gargoyles (Lair:4)
  5 centaur zombies
  29 black mambas
  Psyche (D:8)
  11 naga magi
  A gargoyle (D:10)
  3 guardian serpents
  15 spiny frogs
  An efreet (D:9)
  2 kobold demonologists (D:15)
  4 rime drakes
  9 komodo dragons
  7 ice devils (IceCv)
  2 tengu conjurers
  4 trolls
  5 hornets
  A polar bear (Lair:3)
  11 blink frogs
  13 hippogriffs
  A dream sheep (shapeshifter) (D:9)
  4 dream sheep (Lair:6)
  A snapping turtle (Lair:2)
  A shadow (D:15)
  A centaur simulacrum (D:14)
  A redback (shapeshifter) (D:15)
  3 redbacks (Lair:6)
  A vampire (D:9)
  A wraith (D:15)
  41 yaks
  3 basilisks
  16 wyverns
  2 hungry ghosts
  32 nagas
  3 vampire mosquitoes (D:15)
  4 steam dragons (Lair:6)
  5 acid dragons
  15 water moccasins
  A warg (Orc:1)
  2 porcupines
  4 black bears
  An eye of draining (D:14)
  3 necrophages
  28 orc warriors
  6 ice beasts
  5 sky beasts
  18 centaurs
  16 ogres
  10 wolves
  13 crocodiles
  8 big kobolds
  8 bullfrogs
  6 gnoll sergeants
  7 scorpions
  13 killer bees
  3 howler monkeys (D:8)
  5 wights (D:9)
  An electric eel (Lair:1)
  9 crimson imps
  3 lava snakes (Lair:4)
  A quasit (D:7)
  3 bullfrog zombies
  5 hounds
  2 jellies
  5 centaur skeletons
  16 orc priests
  2 bullfrog skeletons (D:11)
  6 iguanas
  9 orc wizards
  8 worker ants
  2 hell rats (Lair:5)
  A killer bee zombie (D:8)
  4 hound skeletons
  A mummy (D:9)
  A howler monkey zombie (D:8)
  A worker ant zombie (D:11)
  Robin (D:2)
  21 gnolls
  13 adders
  11 river rats (Lair:5)
  2 shadow imps
  9 white imps (IceCv)
  5 ufetubi (IceCv)
  An ooze (D:1)
  An adder zombie (D:6)
  2 adder skeletons
  2 worms
  A dart slug (D:1)
  4 leopard geckos
  59 orcs
  12 bats
  7 giant cockroaches
  14 goblins
  7 hobgoblins
  7 jackals
  4 quokkas
  A ball python (D:5)
  8 frilled lizards
  A jackal zombie (D:7)
  15 kobolds
  A leopard gecko skeleton (D:5)
  11 rats
  A fungus (Lair:6)
836 creatures vanquished.

Vanquished Creatures (others)
  Nessos (Lair:4)
  A naga sharpshooter (Snake:4)
  A cyclops (D:15)
  3 orc warriors (Orc:2)
  5 centaurs
  A lava snake (Lair:4)
  4 white imps (IceCv)
  2 ufetubi (IceCv)
  6 orcs
  4 bushes (D:9)
  6 fungi (Lair:6)
  8 plants
42 creatures vanquished.

Grand Total: 878 creatures vanquished

Notes
Turn   | Place    | Note
-------+----------+-------------------------------------------
     0 | D:1      | Faca the Barachi Fighter began the quest for the Orb.
     0 | D:1      | Reached XP level 1. HP: 18/18 MP: 1/1
    83 | D:1      | Reached XP level 2. HP: 23/25 MP: 2/2
    85 | D:1      | Reached skill level 4 in Fighting
   334 | D:1      | Reached XP level 3. HP: 27/31 MP: 3/3
   819 | D:2      | Noticed Robin
   831 | D:2      | Reached XP level 4. HP: 24/38 MP: 4/4
  1091 | D:2      | Killed Robin
  1091 | D:2      | Reached skill level 5 in Fighting
  1368 | D:2      | Found a sacrificial altar of Ru.
  1429 | D:2      | You fall into a shaft and drop 1 floor!
  1438 | D:3      | Found a shimmering altar of Xom.
  1660 | D:3      | Reached XP level 5. HP: 39/44 MP: 5/5
  1789 | D:3      | Found an iron altar of Okawaru.
  1853 | D:3      | Found a stormy altar of Qazlal.
  1853 | D:3      | Noticed a water elemental
  1853 | D:3      | Noticed an air elemental
  1854 | D:3      | Noticed a fire elemental
  2316 | D:4      | Found Aschac's Antique Weapon Boutique.
  2336 | D:4      | Found Gooqu's Book Shop.
  2359 | D:4      | Found a bloodstained altar of Trog.
  2372 | D:4      | Reached skill level 5 in Long Blades
  2674 | D:4      | Reached skill level 6 in Fighting
  2674 | D:4      | Reached XP level 6. HP: 52/52 MP: 6/6
  2820 | D:4      | Found Qufoli's Jewellery Shop.
  2831 | D:4      | Bought a cursed amulet of inaccuracy for 20 gold pieces
  2831 | D:4      | Bought a cursed ring of teleportation for 45 gold pieces
  2869 | D:4      | Found a shimmering blue altar of Sif Muna.
  3206 | D:4      | Found a shadowy altar of Dithmenos.
  3377 | D:5      | Entered Level 5 of the Dungeon
  3590 | D:5      | Reached skill level 7 in Fighting
  3590 | D:5      | Reached XP level 7. HP: 55/60 MP: 7/7
  4167 | D:5      | Found a hide-covered altar of Uskayaw.
  4170 | D:5      | Found an ancient bone altar of Kikubaaqudgha.
  4170 | D:5      | Found a hazy altar of Hepliaklqana.
  4202 | D:5      | Found a radiant altar of Vehumet.
  4505 | D:6      | You fall into a shaft and drop 3 floors!
  4578 | D:9      | Noticed a yak
  4578 | D:9      | Noticed a manticore
  4578 | D:9      | Noticed a wyvern
  4579 | D:9      | Noticed a komodo dragon
  4580 | D:9      | Noticed a deep elf knight
  4792 | D:9      | Reached skill level 8 in Fighting
  4806 | D:9      | Reached XP level 8. HP: 32/68 MP: 8/8
  5016 | D:9      | Found a snail-covered altar of Cheibriados.
  5026 | D:9      | Became a worshipper of Cheibriados the Contemplative
  5076 | D:8      | Reached skill level 9 in Fighting
  5238 | D:8      | You fall into a shaft and drop 2 floors!
  5238 | D:10     | Entered Level 10 of the Dungeon
  5398 | D:10     | Noticed a hippogriff
  5409 | D:10     | Reached skill level 10 in Fighting
  5421 | D:10     | Killed a hippogriff
  5421 | D:10     | Reached XP level 9. HP: 47/78 MP: 5/9
  5424 | D:10     | Reached skill level 10 in Long Blades
  5827 | D:8      | Noticed Psyche
  5829 | D:8      | Reached * piety under Cheibriados
  5847 | D:8      | Killed Psyche
  5847 | D:8      | Reached skill level 11 in Fighting
  6275 | D:8      | Noticed Joseph
  6300 | D:8      | Killed Joseph
  6693 | D:6      | Reached ** piety under Cheibriados
  6693 | D:6      | Reached XP level 10. HP: 89/89 MP: 10/10
  6708 | D:6      | Reached skill level 12 in Fighting
  6968 | D:6      | Found a blossoming altar of Fedhas.
  7024 | D:6      | Found a staircase to the Ecumenical Temple.
  7385 | D:7      | Reached *** piety under Cheibriados
  7398 | D:7      | Noticed Harold
  7614 | D:7      | Killed Harold
  7614 | D:7      | Reached skill level 5 in Armour
  7727 | D:7      | Found a sparkling altar of Nemelex Xobeh.
  8153 | D:8      | Reached skill level 5 in Shields
  8274 | D:8      | Found a staircase to the Lair.
  8331 | D:8      | Found an ornate altar of the Wu Jian Council.
  8517 | D:8      | Found Axienobi's Magic Scroll Emporium.
  8836 | D:9      | Reached **** piety under Cheibriados
  8845 | D:9      | Reached skill level 13 in Fighting
  8845 | D:9      | Reached XP level 11. HP: 85/98 MP: 11/11
  9190 | D:9      | Found Modinio's Distillery.
  9199 | D:9      | Bought a potion of degeneration for 13 gold pieces
  9540 | D:10     | Found Cegul's Antique Armour Boutique.
  9575 | D:10     | Reached ***** piety under Cheibriados
  9739 | D:10     | Found Dakaojirch's Antique Armour Shop.
 10082 | D:10     | Found Goede's Book Shop.
 10283 | D:10     | Found Qeckamn's Antique Weapon Emporium.
 10615 | D:4      | Bought a runed scimitar for 154 gold pieces
 10651 | D:4      | Bought the amulet "Ezerijy" {Reflect rElec Dex+4 SH+5} for
                  | 636 gold pieces
 10779 | D:11     | Noticed a four-headed hydra
 10803 | D:10     | Killed a four-headed hydra
 10931 | D:11     | Found a roughly hewn altar of Beogh.
 11328 | D:11     | Found Xeurolen's Magic Scroll Emporium.
 11328 | D:11     | Noticed Fannar
 11357 | D:11     | Killed Fannar
 11368 | D:11     | Reached XP level 12. HP: 48/106 MP: 10/12
 11676 | D:11     | Reached skill level 14 in Fighting
 11843 | D:11     | Found a staircase to the Orcish Mines.
 11902 | D:11     | Reached ****** piety under Cheibriados
 12568 | D:12     | Found a runed translucent gate.
 12568 | D:12     | Found a runed translucent gate.
 12568 | D:12     | Found a runed translucent gate.
 12568 | D:12     | Noticed Cijiyg's ghost (journeyman TeVM)
 13477 | D:9      | Got a shimmering bronze ring
 13479 | D:9      | Identified the ring of Xuac {rPois Int+3} (You found it on
                  | level 9 of the Dungeon)
 13845 | D:9      | Killed a deep elf knight
 14042 | Lair:1   | Entered Level 1 of the Lair of Beasts
 14130 | D:10     | Bought a shiny helmet for 180 gold pieces
 14257 | Lair:1   | Reached skill level 1 in Invocations
 14274 | Lair:1   | Noticed a seven-headed hydra
 14281 | Lair:1   | Killed a three-headed hydra
 14909 | Lair:1   | Reached skill level 10 in Armour
 15228 | Lair:2   | Found a frozen archway.
 15236 | IceCv    | Entered an ice cave
 15406 | IceCv    | Gained mutation: You can hop long distances. [Barachi
                  | growth]
 15406 | IceCv    | Reached XP level 13. HP: 91/114 MP: 14/14
 15554 | IceCv    | Got a faintly glowing hat
 15770 | IceCv    | Identified the +2 hat of Wuvik {Stlth+} (You found it in an
                  | ice cave)
 15840 | IceCv    | Noticed a reaper
 15867 | IceCv    | Killed a reaper
 16584 | IceCv    | Reached skill level 15 in Fighting
 16941 | IceCv    | HP: 3/115 [something (17)]
 17386 | Lair:2   | Found a staircase to the Shoals.
 17802 | Lair:2   | Found a runed translucent gate.
 17802 | Lair:2   | Found a runed translucent gate.
 17802 | Lair:2   | Found a runed translucent gate.
 17802 | Lair:2   | Noticed lunkers's ghost (journeyman TeAE)
 17813 | Lair:2   | Found a staircase to the Snake Pit.
 17864 | Lair:3   | Found a runed translucent door.
 17864 | Lair:3   | Found a shimmering altar of Xom.
 17864 | Lair:3   | Noticed Tamiotz's ghost (journeyman VSBe)
 17885 | Lair:3   | Reached skill level 10 in Shields
 17905 | Lair:3   | Reached skill level 15 in Long Blades
 18219 | Lair:3   | Noticed Sonja
 18222 | Lair:3   | Killed Sonja
 19091 | Lair:4   | Noticed Nessos
 19095 | Lair:4   | Killed Nessos
 19943 | Lair:5   | Reached skill level 5 in Invocations
 20022 | Lair:5   | Reached XP level 14. HP: 95/123 MP: 17/17
 20747 | Lair:6   | Entered Level 6 of the Lair of Beasts
 20747 | Lair:6   | Found a viscous altar of Jiyva.
 20747 | Lair:6   | Found a staircase to the Slime Pits.
 21158 | Lair:6   | Reached skill level 16 in Fighting
 23117 | Orc:1    | Entered Level 1 of the Orcish Mines
 23119 | Orc:1    | Noticed Maurice
 23134 | Orc:1    | Killed Maurice
 23176 | Orc:1    | Noticed Nergalle
 23192 | Orc:1    | Killed Nergalle
 23255 | Orc:1    | Found a roughly hewn altar of Beogh.
 23338 | Orc:2    | Entered Level 2 of the Orcish Mines
 23349 | Orc:2    | Reached XP level 15. HP: 130/132 MP: 20/20
 24096 | Orc:2    | Found a staircase to the Elven Halls.
 24286 | Orc:2    | Found Siwkukho's Book Emporium.
 24286 | Orc:2    | Found Jewakk's Antique Weapon Shop.
 24286 | Orc:2    | Found Vaunerit's Distillery.
 24298 | Orc:2    | Found Sarae's Magic Scroll Shoppe.
 24303 | Orc:2    | Bought a scroll of noise for 15 gold pieces
 24423 | Orc:2    | Found a burning altar of Makhleb.
 24532 | Orc:2    | Bought a scroll of blinking for 112 gold pieces
 24532 | Orc:2    | Bought a scroll of blinking for 112 gold pieces
 24532 | Orc:2    | Bought a scroll of identify for 30 gold pieces
 24537 | Orc:2    | Bought a potion of mutation for 120 gold pieces
 24537 | Orc:2    | Bought a potion of heal wounds for 75 gold pieces
 24675 | D:9      | Bought a potion of heal wounds for 65 gold pieces
 24675 | D:9      | Bought a potion of resistance for 130 gold pieces
 24796 | D:8      | Bought a scroll of enchant weapon for 82 gold pieces
 24903 | D:11     | Bought a scroll of enchant weapon for 105 gold pieces
 24903 | D:11     | Bought a scroll of enchant weapon for 105 gold pieces
 24903 | D:11     | Bought a scroll of enchant armour for 105 gold pieces
 26502 | D:14     | Reached skill level 17 in Fighting
 26508 | D:14     | Found a gate to the Vaults.
 26961 | D:15     | Entered Level 15 of the Dungeon
 26975 | D:15     | Found a runed translucent gate.
 26976 | D:15     | Found an opulent altar of Gozag.
 26982 | D:15     | Found a runed translucent gate.
 26982 | D:15     | Found a runed translucent gate.
 26982 | D:15     | Noticed a frost giant
 26982 | D:15     | Noticed Luteoff's ghost (journeyman MiBe)
 26985 | D:15     | Found Puusazuh's Assorted Antiques.
 27152 | D:15     | Found Anumpuippa's General Store.
 27572 | D:15     | Found a staircase to the Depths.
 27781 | D:15     | Reached XP level 16. HP: 108/138 MP: 22/22
 28041 | D:15     | Found a white marble altar of Elyvilon.
 28314 | Snake:1  | Entered Level 1 of the Snake Pit
 28366 | Snake:1  | Found Tiynno's Weapon Boutique.
 28969 | Snake:1  | Identified the +6 scale mail of the Camelopard {rElec rF+
                  | Str+3 Int+2}
 30600 | Snake:2  | Noticed a nagaraja
 31719 | Snake:3  | Noticed a nagaraja
 31730 | Snake:3  | Killed a nagaraja
 31767 | Snake:3  | Found Qehin's General Store.
 31776 | Snake:3  | Bought a scroll of enchant armour for 112 gold pieces
 31881 | Snake:3  | Reached skill level 1 in Throwing
 31902 | Snake:3  | Noticed a nagaraja
 31912 | Snake:3  | Killed a nagaraja
 32194 | Snake:3  | Noticed a nagaraja
 32201 | Snake:3  | Killed a nagaraja
 32332 | Snake:3  | Found Julyal's Food Shop.
 32398 | Snake:4  | Entered Level 4 of the Snake Pit
 33075 | Snake:4  | Reached skill level 18 in Fighting
 33082 | Snake:4  | Reached XP level 17. HP: 131/146 MP: 24/24
 33171 | Snake:4  | HP: 5/146 [anaconda (7)]
 33171 | Snake:4  | Slain by a mana viper

Levels and vault maps discovered:
D:1:      lightli_arrival_noodles, layout_loops_ring, minmay_misc_feat_encased,
          st_stairs_3
D:2:      layout_rooms, marbit_many_paths, uniq_robin
D:3:      layout_loops_corners, xom_teletrap_fun,
          nicolae_overflow_crystal_walls, nicolae_qazlal_style_of_elements
D:4:      layout_layer_cave, lemuel_doored_altar, kennysheep_mini, serial_shops,
          shop, shop_statue, shop, first_ration, kennysheep_nondescript,
          grunt_ministairs_6, trog_butcher_becter
D:5:      layout_basic, vehumet_statue, gammafunk_temple_overflow_forgotten,
          serial_corexii_hall, chequers_hall_statues_y,
          chequers_hall_statues_corner_a
D:6:      layout_loops_ring, minmay_temple_entry_proselytizer,
          fedhas_altar_fruit_tree
D:7:      layout_rooms, nemelex_altar_shiori, uniq_harold
D:8:      layout_basic, kennysheep_mini_moat, david_lair_shrubbed,
          nicolae_ossuary_entry_plus, serial_shops, kennysheep_little_box,
          uniq_joseph, uniq_psyche
D:9:      minmay_klotski, layout_loops_ring, slow_altar_2, serial_shops,
          nicolae_shop_statue_plus
D:10:     layout_long_grid, serial_shops, nicolae_shop_trees, shop,
          nicolae_shop_crystal, shop, grunt_tengu_nest, kennysheep_nub
D:11:     layout_gridville, kennysheep_orc_monster_closet_entryway, special_room
          [special_room_orc], serial_shops, shop, nrook_loot_triangle,
          uniq_fannar
D:12:     layout_irregular_city, gammafunk_ghost_spectres
D:13:     layout_long_grid
D:14:     layout_basic, david_vaults_2, hangedman_abyss_or_decor_clamps,
          hangedman_decor_slide_cut
D:15:     grunt_enter_depths_hoard, layout_gridville, ebering_ghost_gozag,
          serial_shops, shop, kennysheep_pointless_box, nrook_pool_corridor,
          lemuel_statue_altar
Lair:1:   layout_long_grid, serial_bayou_shore_a
Lair:2:   layout_hall_layers, minmay_shoals_entry_hut, dummy_snake_entry,
          ebering_ghost_rock_garden, portal_ice_cave_entry_pillars_1,
          st_stairs_12, infiniplex_staircase_pool
Lair:3:   layout_roguey, ebering_ghost_xom, infiniplex_staircase_pool_2,
          uniq_sonja
Lair:4:   cheibrodos_magma_flow, layout_hall_layers,
          nicolae_volcano_entry_vermiform, lemuel_fruit_fields, uniq_nessos
Lair:5:   layout_hall_layers, kennysheep_rathole
Lair:6:   hangedman_lair_tendril_chambers, layout_hall_layers,
          guppyfry_lair_end_dragon, slime_altar_1
Snake:1:  layout_chambers, serial_shops,
          nicolae_shop_temple_entry_statues_fountains, lemuel_fruit_tree,
          grunt_megastairs_2
Snake:2:  layout_cave_shapes, grunt_ministairs_14
Snake:3:  layout_cave_town, serial_shops, shop_statue, shop
Snake:4:  grunt_snake_rune_pools, layout_misc_corridors
Orc:1:    layout_caves, serial_shops, nicolae_shop_overgrown_old_shop,
          basic_altar, nicolae_orc_lava_room, uniq_maurice, uniq_nergalle
Orc:2:    st_orc_rangers, layout_caves, bloody_makhleb

Skill      XL: |  1  2  3  4  5  6  7  8  9 10 11 12 13 14 15 16 |
---------------+-------------------------------------------------+-----
Fighting       | 4 5 6 7 8 10 11 13 14 15 16 17 18 | 18.0
Long Blades    | 3 4 5 6 7 9 11 12 13 14 15 16 17 | 17.8
Armour         | 6 8 10 11 12 13 14 | 14.9
Shields        | 5 7 9 10 11 12 13 | 13.8
Invocations    | 2 5 6 8 9 |  9.5
Throwing       | 2 |  2.7

Action                   |  1- 3 |  4- 6 |  7- 9 | 10-12 | 13-15 | 16-18 || total
-------------------------+-------+-------+-------+-------+-------+-------++-------
Melee: Long sword        |   104 |   143 |   121 |   433 |       |       ||   801
       Short sword       |       |    59 |   228 |     8 |       |       ||   295
       Scimitar          |       |       |       |   383 |  1181 |   499 ||  2063
Throw: Boomerang         |       |       |       |       |    10 |     4 ||    14
Invok: Bend Time         |       |       |       |     1 |     1 |       ||     2
Evoke: Wand              |       |       |       |     2 |     2 |       ||     4
  Use: Scroll            |     4 |     6 |     4 |     6 |    13 |     1 ||    34
       Potion            |       |       |     2 |     2 |     1 |       ||     5
 Stab: Confused          |       |       |       |     1 |       |       ||     1
  Eat: Chunk             |       |     8 |     9 |    18 |    17 |     4 ||    56
       Ration            |       |     1 |       |       |     2 |     2 ||     5
Armor: Scale mail        |    47 |       |       |       |       |       ||    47
       Chain mail        |    24 |   112 |   181 |    26 |       |       ||   343
       Plate armour      |       |       |       |   430 |   449 |   160 ||  1039
Dodge: Dodged            |    50 |    52 |    48 |   147 |   206 |    72 ||   575
Block: Kite shield       |    66 |    84 |   156 |   782 |  1317 |   391 ||  2796
       Reflection        |       |       |       |    24 |   116 |    74 ||   214
       Tower shield      |       |       |       |       |       |   222 ||   222
       Rpst.: Long sword |    16 |     7 |     5 |    18 |       |       ||    46
       Scimitar          |       |       |       |    12 |    47 |    11 ||    70

Table legend:
 A = Non-vault XP
 B = Vault XP
 C = Vault XP percentage of total XP
 D = Non-vault monster count
 E = Vault monster count
 F = Vault count percentage of total count
                 A         B        C        D         E       F
            +---------+---------+-------+---------+---------+-------
      Total |  136004 |   48341 |  26.2 |     619 |     234 |  27.4
            +---------+---------+-------+---------+---------+-------
        D:1 |      49 |      16 |  24.6 |      26 |       8 |  23.5
        D:2 |      36 |      27 |  42.9 |      17 |       8 |  32.0
        D:3 |      97 |       0 |   0.0 |      20 |       0 |   0.0
        D:4 |     124 |      80 |  39.2 |       4 |       5 |  55.6
        D:5 |     506 |       0 |   0.0 |      12 |       0 |   0.0
        D:6 |     991 |      41 |   4.0 |      29 |       1 |   3.3
        D:7 |    1586 |     934 |  37.1 |      30 |       1 |   3.2
        D:8 |    1422 |    1276 |  47.3 |      24 |       3 |  11.1
        D:9 |    2947 |    2817 |  48.9 |      43 |      11 |  20.4
       D:10 |    4517 |     340 |   7.0 |      33 |       3 |   8.3
       D:11 |    2363 |    3515 |  59.8 |      27 |      39 |  59.1
       D:12 |    2860 |       0 |   0.0 |      15 |       0 |   0.0
       D:13 |    4131 |       0 |   0.0 |      17 |       0 |   0.0
       D:14 |   13729 |    2663 |  16.2 |      29 |       3 |   9.4
       D:15 |   11776 |    2142 |  15.4 |      40 |       2 |   4.8
     Lair:1 |    3986 |       0 |   0.0 |      16 |       0 |   0.0
     Lair:2 |    3506 |     247 |   6.6 |      19 |       1 |   5.0
     Lair:3 |    6732 |     656 |   8.9 |      25 |       1 |   3.8
     Lair:4 |    2858 |    2818 |  49.6 |      10 |       8 |  44.4
     Lair:5 |    4947 |     212 |   4.1 |      18 |      14 |  43.8
     Lair:6 |   13224 |   14025 |  51.5 |      39 |      50 |  56.2
    Snake:1 |    9341 |    2139 |  18.6 |      21 |       5 |  19.2
    Snake:2 |   11545 |     332 |   2.8 |      24 |       2 |   7.7
    Snake:3 |   19901 |       0 |   0.0 |      32 |       0 |   0.0
    Snake:4 |   10509 |    1214 |  10.4 |      21 |       2 |   8.7
      Orc:1 |     204 |    2914 |  93.5 |       5 |       7 |  58.3
      Orc:2 |    2117 |    5537 |  72.3 |      23 |      36 |  61.0
      IceCv |       0 |    4396 | 100.0 |       0 |      24 | 100.0
            +---------+---------+-------+---------+---------+-------
